cohdb
Replays
Latest Replays
All Replays
Popular Replays
Top Player Replays
Match Explorer
How It Works
Community
CoH3 Stats
Reddit
Sign in to upload your games and track your stats! →
Sign in with Steam
Match 39517624
Unlisted
Match 39517624
Overview
Messages
Build Orders
End
Kradschützen Motorcycle Team
Panzergrenadier Squad
Selects Panzerjäger Kommand Battlegroup
Selects Mine Fields
Panzergrenadier Squad
250 Light Carrier
Selects Tank Busters
Construct Light Support Kompanie
MG34 Team
Panzerjäger Mechanized Group
Fire Support Elements
Flakvierling Half-track
Selects Defensive Positions
le.IG 18 Support Gun Team
2.5-tonne Medical Truck
le.IG 18 Mechanized Group
Selects Butterfly Bomb Drop
Butterfly Bomb Drop
Panzerjäger Squad
Selects Crew Shock Tactics
BrainlesS
ryuklikesapples
Genius Malignus
ßoo
[DOOD] Big Homie Pipe Down
ILuvSilicon
0
0
Comments
sign in to comment!
No comments posted yet!